 Dungeon Crawl Stone Soup version 0.29-a0-994-gc5c9f59d18 (webtiles) character file.

Game seed: 5157340457578512515

329 RevDB the Trooper (level 6, -5/57 HPs)
             Began as a Draconian Transmuter on Aug 3, 2022.
             Was an Initiate of Makhleb.
             Slain by Pikel
             ... wielding a +0 whip of freezing
              (7 damage)
             ... on level 4 of the Dungeon.
             The game lasted 00:19:47 (3120 turns).

RevDB the Trooper (Draconian Transmuter)            Turns: 3120, Time: 00:19:47

Health: -5/57      AC:  6    Str: 15    XL:     6   Next: 25%
Magic:  9/9        EV: 12    Int: 13    God:    Makhleb [......]
Gold:   140        SH:  0    Dex: 11    Spells: 6/9 levels left

rFire   . . .      SeeInvis .   l - +3 hand axe (flame)
rCold   . . .      Faith    .   (no shield)
rNeg    . . .      Spirit   .   (body armour unavailable)
rPois   .          Reflect  .   (helmet restricted)
rElec   .          Harm     .   (no cloak)
rCorr   .          Rampage  .   (no gloves)
Will    .....                   (no boots)
Stlth   +.........              (no amulet)
HPRegen 0.19/turn               (no ring)
MPRegen 0.11/turn               (no ring)

@: confused
A: AC +6, unfitting armour, cold-blooded
a: Renounce Religion


You were on level 4 of the Dungeon.
You worshipped Makhleb.
Makhleb was noncommittal.
You visited 2 branches of the dungeon, and saw 5 of its levels.

You collected 140 gold pieces.

Inventory:

Hand Weapons
 l - a +3 hand axe of flaming (weapon)
Scrolls
 d - a scroll of immolation {unknown}
 e - 2 scrolls of teleportation {unknown}
 g - 2 scrolls of enchant weapon {unknown}
 h - 2 scrolls of amnesia {unknown}
 i - a scroll of vulnerability {unknown}
 j - 2 scrolls of butterflies {unknown}
Potions
 b - 3 potions of curing {unknown}
 c - 2 potions of heal wounds {unknown}
 k - a potion of attraction {unknown}


   Skills:
 - Level 6.0 Fighting
 - Level 2.0 Dodging
 - Level 3.0 Unarmed Combat
 - Level 2.0 Spellcasting
 + Level 3.7 Transmutations


You had 6 spell levels left.
You knew the following spells:

 Your Spells              Type           Power      Damage    Failure   Level
a - Beastly Appendage     Tmut           22%        N/A       5%          1
b - Wereblood             Tmut           11%        N/A       9%          2

Your spell library contained the following spells:

 Spells                   Type           Power      Damage    Failure   Level
 Spider Form              Tmut/Pois      6%         N/A       34%         3
 Poisonous Vapours        Pois/Air       2%         N/A       36%         2
 Sublimation of Blood     Necr           1%         N/A       36%         2
 Ice Form                 Ice/Tmut       6%         N/A       75%         4
 Petrify                  Tmut/Erth      6%         N/A       75%         4
 Corpse Rot               Necr/Pois/Air  1%         N/A       94%         4
 Irradiate                Conj/Tmut      3%         3d12      97%         5


Dungeon Overview and Level Annotations

Branches:
Dungeon (4/15)             Temple (1/1) D:4

Altars:
Ashenzari
Dithmenos
Hepliaklqana
Kikubaaqudgha
Makhleb
Nemelex Xobeh
Okawaru
Ru
Sif Muna
Trog
Uskayaw
Vehumet
Xom
The Shining One

Annotations:
D:4 Pikel


Innate Abilities, Weirdness & Mutations

Your plain brown scales are hard. (AC +6)
You cannot fit into any form of body armour.
You are cold-blooded and may be slowed by cold attacks.


Message History

Pikel freezes you.
* * * LOW HITPOINT WARNING * * *
Pikel zaps a wand.
Your will is overpowered!
You are more confused.
You cannot move. (Use ctrl+direction or * direction to attack while stationary and confused.)
You hit Pikel but do no damage.
Pikel is lightly wounded.
Pikel zaps a wand.
Your will is overpowered!
You are more confused.
You attack the rock wall.
Pikel hits you but does no damage.
You attack the rock wall.
You feel less wooden. Pikel closely misses you.
Pikel hits you with a +0 whip of freezing.
* * * LOW HITPOINT WARNING * * *
You feel yourself slow down. Pikel freezes you.
* * * LOW HITPOINT WARNING * * *
You are too confused!
Pikel zaps a wand.
You resist with some effort.
You feel yourself speed up.
Pikel hits you with a +0 whip of freezing.
* * * LOW HITPOINT WARNING * * *
Pikel freezes you.
* * * LOW HITPOINT WARNING * * *
Pikel hits you with a +0 whip of freezing.
* * * LOW HITPOINT WARNING * * *
You feel yourself slow down. Pikel freezes you.
* * * LOW HITPOINT WARNING * * *
You feel yourself speed up.
Pikel zaps a wand.
Your will is overpowered!
You are more confused.
The now-empty wand crumbles to dust.
Pikel waves his whip at you.
You miss Pikel.
Pikel is lightly wounded.
Pikel completely misses you. The lemure attacks as you move away!
The lemure hits you.
* * * LOW HITPOINT WARNING * * *
Pikel hits you with a +0 whip of freezing!
You die...

#.# #.#... .. #.#
#.##.# .# #.#######
##....... #.......
..##.#.
####.#.#.######.##5.
................##5#
####.###.######.##5##
#.....# #.#...##.#.#
####### #.@K5......#
#.#...###### #....##
######


You could see Pikel and 3 lemures.

Vanquished Creatures
  A black bear (D:4)
  A quasit (D:4)
  A hound (D:4)
  Natasha (D:4)
  Robin (D:4)
  An adder (D:2)
  2 shadow imps (D:4)
  2 white imps (D:4)
  2 ufetubi (D:4)
  A worm (D:3)
  2 dart slugs (D:1)
  An orc (D:3)
  5 ball pythons
  3 bats (D:2)
  15 endoplasms
  3 giant cockroaches
  12 goblins
  11 hobgoblins
  4 jackals
  3 frilled lizards
  4 kobolds
  11 rats
87 creatures vanquished.

Vanquished Creatures (others)
  2 demonic plants (D:4)
2 creatures vanquished.

Grand Total: 89 creatures vanquished

Notes
Turn   | Place    | Note
-------+----------+-------------------------------------------
     0 | D:1      | RevDB the Draconian Transmuter began the quest for the Orb.
     0 | D:1      | Reached XP level 1. HP: 16/16 MP: 3/3
     1 | D:1      | Found a runed translucent door.
   302 | D:1      | Reached skill level 2 in Fighting
   366 | D:1      | Reached XP level 2. HP: 21/25 MP: 3/5
   370 | D:1      | Learned a level 2 spell: Wereblood
   656 | D:1      | Reached skill level 3 in Fighting
   946 | D:1      | Reached XP level 3. HP: 31/31 MP: 2/6
  1036 | D:2      | Found a hide-covered altar of Uskayaw.
  1090 | D:2      | Found a faded altar of an unknown god.
  1463 | D:2      | Reached skill level 4 in Fighting
  2053 | D:3      | Reached XP level 4. HP: 22/40 MP: 7/7
  2468 | D:3      | Found a shadowy altar of Dithmenos.
  2590 | D:4      | Found a staircase to the Ecumenical Temple.
  2594 | Temple   | Entered the Ecumenical Temple
  2799 | Temple   | Became a worshipper of Makhleb the Destroyer
  2846 | D:4      | Noticed a black bear
  2855 | D:4      | Killed a black bear
  2856 | D:4      | Reached skill level 5 in Fighting
  2856 | D:4      | Reached XP level 5. HP: 37/48 MP: 6/8
  2929 | D:4      | Noticed Robin
  2930 | D:4      | Reached skill level 6 in Fighting
  2936 | D:4      | Killed Robin
  2988 | D:4      | Reached XP level 6. HP: 57/57 MP: 6/9
  3072 | D:4      | Noticed Natasha
  3078 | D:4      | Noticed Pikel
  3084 | D:4      | Killed Natasha
  3120 | D:4      | HP: 2/57 [lemure[Pikel] (2)]
  3120 | D:4      | Slain by Pikel

Illustrated notes

Levels and vault maps discovered:
D:1:      dpeg_arrival_caged_fury, layout_loops_ring, chequers_mini_garden,
          minmay_misc_feat_ornament
D:2:      layout_basic, basic_altar, chequers_ecumenical_altar_twisty,
          corexii_leaking_fountain, minivault_14
D:3:      layout_basic, grunt_dithmenos_smoke, skrybe_limestone_x, minivault_24
D:4:      layout_loops_ring, temple_statues, serial_demonic, serial_demonic_e,
          serial_demonic_g, serial_demonic_a, serial_demonic_a,
          serial_demonic_g, serial_demonic_g, serial_demonic_d,
          minmay_stone_trees_small, uniq_pikel, uniq_natasha, uniq_robin
Temple:   nicolae_temple_figure_eight

Skill      XL: |  1  2  3  4  5 |
---------------+----------------+-----
Fighting       | 2 3 4 5 6 |  6.0
Transmutations | 3 |  3.7
Dodging        | 2 |  2.0
Unarmed Combat | |  3.0
Spellcasting   | |  2.0

Action                   |  1- 3 |  4- 6 || total
-------------------------+-------+-------++-------
Melee: Rapier            |    15 |       ||    15
       Whip              |   127 |    14 ||   141
       Tailslap          |    28 |     9 ||    37
       Punch             |     4 |     2 ||     6
       Kick              |     9 |    15 ||    24
       Unarmed           |     1 |       ||     1
       Headbutt          |     7 |     5 ||    12
       Hand axe          |       |    93 ||    93
 Cast: Beastly Appendage |    17 |    10 ||    27
       Wereblood         |     2 |     3 ||     5
  Use: Potion            |       |     1 ||     1
 Stab: Sleeping          |     1 |       ||     1
Armor: Skin              |    37 |    69 ||   106
Dodge: Dodged            |    70 |    98 ||   168

Table legend: (Time is in decaauts)
 A = Elapsed time spent in this place.
 B = Non-inter-level travel time spent in this place.
 C = Inter-level travel time spent in this place.
 D = Time resting spent in this place.
 E = Time spent auto-exploring this place.
 F = Levels seen in this place.
 G = Mean time per level.
                   A        B        C        D        E       F      G
               +--------+--------+--------+--------+--------+-----+--------+
         Total |   3179 |   3121 |     58 |    393 |   1114 |   5 |  635.8 |
       Dungeon |   2954 |   2914 |     40 |    393 |    955 |   4 |  738.5 |
        Temple |    224 |    206 |     18 |      0 |    159 |   1 |  224.0 |
               +--------+--------+--------+--------+--------+-----+--------+

Top non-repeatable levels by time:
     D:2: 1086 daAuts
     D:1: 970 daAuts
     D:3: 558 daAuts
     D:4: 339 daAuts
  Temple: 224 daAuts
